Lightning vs Canadiens

Created - Wednesday, March 11, 2015 at 01:15

Goals
1 2 3 T
Lightning 0 1 0 1
Canadiens 2 0 3 5
Shots
1 2 3 T
Lightning 8 9 6 23
Canadiens 14 11 11 36

1st period

1. Canadiens , Marcus Johansson 11 (Craig Smith, Matt Niskanen) at 4:11
2. Canadiens , Mathieu Perreault 21 (Patric Hornqvist) at 16:59 (PP)

Penalties :
Alex Chiasson (TB ) for Hooking (Minor) at 6:35, Ryan Suter (TB ) for Hooking (Minor) at 9:04, Dave Bolland (TB ) for High sticking (Minor) at 16:04, Dave Bolland (TB ) for High sticking (Minor) at 18:37

2nd period

3. Lightning , Brandon Dubinsky 17 (Patrick Marleau, Ondrej Palat) at 13:21

Penalties :
Dmitry Kulikov (TB ) for Hooking (Minor) at 2:56, Dmitry Kulikov (TB ) for Tripping (Minor) at 6:32

3rd period

4. Canadiens , Alex Goligoski 21 (Eric Staal, Mike Cammalleri) at 0:53 (PP)
5. Canadiens , Mike Cammalleri 32 (Eric Staal, Jaromir Jagr) at 6:07
6. Canadiens , Jaromir Jagr 16 (Mike Cammalleri, Matt Niskanen) at 15:04 (PP)

Penalties :
Dave Bolland (TB ) for Tripping (Minor) at 0:34, Eric Staal (Mon) for Holding (Minor) at 2:44, Dave Bolland (TB ) for Cross-checking (Minor) at 8:00, Roman Polak (TB ) for Tripping (Minor) at 14:45

Goalie Stats

Carey Price (TB ), 31 saves from 36 shots - (0.861), L, 31-17-11, 60:00 minutes
Marc-Andre Fleury (Mon), 22 saves from 23 shots - (0.957), W, 41-9-4, 60:00 minutes

Players Stats for Lightning

Player Name              G  A  P  +/- PIM S  H  SB GA TA FO     MP     PP MP  PK MP  
------------------------------------------------------------------------------------
Alex Chiasson            0  0  0   0  2   1  1  0  0  0  0/0    12:33   0:55   0:00 
Brandon Dubinsky         1  0  1   1  0   2  3  0  0  1  11/21  20:58   1:04   6:44 
Dave Bolland             0  0  0  -2  8   0  0  0  0  0  8/12   12:30   0:00   0:00 
Derek MacKenzie          0  0  0   0  0   0  2  1  2  0  4/9    15:44   0:00   6:43 
Dmitry Kulikov           0  0  0   1  4   1  1  2  0  5  0/0    23:02   0:42   5:44 
Erik Condra              0  0  0   0  0   1  1  1  0  0  0/1     7:51   0:00   0:00 
Jiri Tlusty              0  0  0   0  0   0  0  0  0  0  0/0    12:16   0:55   0:00 
Marc Methot              0  0  0   1  0   0  3  2  0  2  0/0    22:28   0:00   8:55 
Matt Calvert             0  0  0  -2  0   2  0  1  2  0  0/0    11:02   0:00   0:00 
Michael Stone            0  0  0  -1  0   2  2  1  0  1  0/0    17:13   0:42   1:28 
Nikolai Kulemin          0  0  0  -2  0   3  1  1  1  1  0/2    19:50   0:00   6:43 
Ondrej Palat             0  1  1   1  0   0  2  0  0  0  1/3    12:06   1:04   0:00 
Patrick Marleau          0  1  1   1  0   1  0  0  5  0  1/1    20:03   1:04   6:44 
Roman Polak              0  0  0  -1  2   2  1  1  0  4  0/0    19:22   0:00   5:53 
Ryan Nugent-Hopkins      0  0  0   0  0   3  0  0  1  1  2/4    12:16   0:55   0:00 
Ryan Suter               0  0  0  -1  2   1  1  2  1  4  0/0    21:45   1:17   4:54 
Shawn Matthias           0  0  0   0  0   2  0  0  1  0  0/0     7:51   0:00   0:00 
Tyson Barrie             0  0  0  -1  0   2  1  1  2  0  0/0    17:34   1:17   0:00 

Players Stats for Canadiens

Player Name              G  A  P  +/- PIM S  H  SB GA TA FO     MP     PP MP  PK MP  
------------------------------------------------------------------------------------
Alex Goligoski           1  0  1   1  0   3  1  0  0  1  0/0    27:30   8:22   0:51 
Ben Lovejoy              0  0  0  -1  0   1  1  0  0  0  0/0    10:54   0:00   0:00 
Blake Comeau             0  0  0  -1  0   0  1  0  1  0  0/0     8:30   0:00   0:34 
Brandon Prust            0  0  0  -1  0   2  0  0  4  0  1/1     9:03   0:00   1:25 
Craig Smith              0  1  1   1  0   0  1  0  2  0  0/0    11:43   0:00   0:00 
Derek Grant              0  0  0  -1  0   0  0  0  0  0  2/4     9:03   0:00   1:25 
Eric Staal               0  2  2   1  2   1  3  0  6  0  6/19   20:42   7:21   0:00 
Jan Hejda                0  0  0   1  0   1  3  3  0  2  0/0    17:23   0:00   1:08 
Jared Spurgeon           0  0  0   1  0   1  1  1  0  4  0/0    21:15   5:05   0:51 
Jaromir Jagr             1  1  2   1  0   2  1  0  0  0  1/2    20:25   7:21   0:00 
Jussi Jokinen            0  0  0   0  0   2  1  0  3  0  0/0    17:57   6:06   0:00 
Marcus Johansson         1  0  1   1  0   2  0  1  1  0  0/0    11:43   0:00   0:00 
Mathieu Perreault        1  0  1   0  0   2  3  0  1  0  11/15  17:57   6:06   0:00 
Matt Niskanen            0  2  2   1  0   4  0  0  2  1  0/0    25:34   8:22   0:00 
Mike Cammalleri          1  2  3   1  0   5  2  0  3  0  1/2    20:25   7:21   0:00 
Mike Santorelli          0  0  0   1  0   2  0  0  0  0  4/9    11:43   0:00   0:00 
Mike Weaver              0  0  0  -1  0   2  2  0  0  2  0/0    17:24   5:05   1:08 
Patric Hornqvist         0  1  1   0  0   6  5  0  5  0  0/1    18:49   6:06   0:34 

3 Stars

1 - Mike Cammalleri (Mon)
2 - Jaromir Jagr (Mon)
3 - Marc-Andre Fleury (Mon)

Power Play

Lightning - 0 on 1 Attempt(s) - 0.00%
Canadiens - 3 on 9 Attempt(s) - 33.33%

Penalty Kill

Lightning - 6 on 9 Attempt(s) - 66.67% - Score 0 goal in Penalty Kill
Canadiens - 1 on 1 Attempt(s) - 100.00% - Score 0 goal in Penalty Kill

Team Stat

Lightning - Hits : 19 - Faceoff Wins : 27 - Blocked Shots : 13 - Penalty Minutes : 18
Canadiens - Hits : 25 - Faceoff Wins : 26 - Blocked Shots : 5 - Penalty Minutes : 2

Official

Referees : Unknown
Linesman : Unknown

Game Notes

No Game Note

Finance

Level 1 -- Attendance: 5795 (96.58%) -- Ticket Income $492,575
Level 2 -- Attendance: 4657 (93.14%) -- Ticket Income $223,536
Level 3 -- Attendance: 2000 (100.00%) -- Ticket Income $60,000
Level 4 -- Attendance: 4000 (100.00%) -- Ticket Income $72,000
Luxury Box -- Attendance: 936 (93.60%) -- Ticket Income $159,120
Game was played at the Bell Centre'
Total Attendance: 17388 (96.60%)
Total Ticket Income: $1,007,231
Other Income: $493,543
Total Income: $1,500,774

Lightning

5 vs 5 Forward 
   Center                   Left Wing                Right Wing               Time % Phy DF OF 
 1 Brandon Dubinsky         Ondrej Palat             Patrick Marleau          30     1   2  2  
 2 Ryan Nugent-Hopkins      Jiri Tlusty              Alex Chiasson            30     0   2  3  
 3 Dave Bolland             Matt Calvert             Nikolai Kulemin          25     1   3  1  
 4 Derek MacKenzie          Shawn Matthias           Erik Condra              15     1   3  1  

5 vs 5 Defense 
   Defense                  Defense                                           Time % Phy DF OF 
 1 Ryan Suter               Tyson Barrie                                      34     1   2  2  
 2 Marc Methot              Dmitry Kulikov                                    33     1   2  2  
 3 Roman Polak              Michael Stone                                     33     1   2  2  
 4 Dmitry Kulikov           Tyson Barrie                                      0      1   2  2  

PowerPlay Forward 
   Center                   Left Wing                Right Wing               Time % Phy DF OF 
 1 Brandon Dubinsky         Ondrej Palat             Patrick Marleau          50     0   1  4  
 2 Ryan Nugent-Hopkins      Jiri Tlusty              Alex Chiasson            50     0   1  4  

PowerPlay Defense
   Defense                  Defense                                           Time % Phy DF OF 
 1 Ryan Suter               Tyson Barrie                                      60     1   2  2  
 2 Michael Stone            Dmitry Kulikov                                    40     1   2  2  

Penalty Kill 4 Players Forward 
   Center                   Wing                     Time % Phy DF OF 
 1 Derek MacKenzie          Nikolai Kulemin          50     1   4  0  
 2 Brandon Dubinsky         Patrick Marleau          50     1   4  0  

Penalty Kill 4 Players Defense
   Defense                  Defense                  Time % Phy DF OF 
 1 Marc Methot              Dmitry Kulikov           50     1   4  0  
 2 Ryan Suter               Roman Polak              50     1   4  0  

Penalty Kill - 3 Players Forward 
   Forward                                           Time % Phy DF OF 
 1 Derek MacKenzie                                   50     1   4  0  
 2 Brandon Dubinsky                                  50     1   4  0  

Penalty Kill - 3 Players Defense
   Defense                  Defense                  Time % Phy DF OF 
 1 Marc Methot              Dmitry Kulikov           50     1   4  0  
 2 Ryan Suter               Roman Polak              50     1   4  0  

4 vs 4 Forward 
   Center                   Wing                     Time % Phy DF OF 
 1 Brandon Dubinsky         Patrick Marleau          50     0   2  3  
 2 Ryan Nugent-Hopkins      Ondrej Palat             50     0   2  3  

4 vs 4 Defense
   Defense                  Defense                  Time % Phy DF OF 
 1 Ryan Suter               Tyson Barrie             60     1   2  2  
 2 Michael Stone            Dmitry Kulikov           40     1   2  2  

Last Minutes Offensive
   Center                   Left Wing                Right Wing               Defense                  Defense                  
   Brandon Dubinsky         Ondrej Palat             Patrick Marleau          Ryan Suter               Tyson Barrie             

Last Minutes Defensive
   Center                   Left Wing                Right Wing               Defense                  Defense                  
   Brandon Dubinsky         Patrick Marleau          Nikolai Kulemin          Ryan Suter               Marc Methot              

Goaltenders
Starting : Carey Price              
Backup : Ben Scrivens             

Extra Forwards
Normal : Ondrej Palat, Patrick Marleau, Ryan Nugent-Hopkins - PP : Ondrej Palat, Patrick Marleau - PK : Nikolai Kulemin
Extra Defensemen
Normal : Ryan Suter, Dmitry Kulikov, Marc Methot - PP : Ryan Suter - PK : Ryan Suter, Marc Methot
Penalty Shots
Patrick Marleau, Nikolai Kulemin, Ryan Nugent-Hopkins, Ondrej Palat, Jiri Tlusty

Canadiens

5 vs 5 Forward 
   Center                   Left Wing                Right Wing               Time % Phy DF OF 
 1 Eric Staal               Mike Cammalleri          Jaromir Jagr             32     1   1  3  
 2 Mathieu Perreault        Jussi Jokinen            Patric Hornqvist         29     1   1  3  
 3 Mike Santorelli          Marcus Johansson         Craig Smith              28     1   1  3  
 4 Derek Grant              Blake Comeau             Brandon Prust            11     1   3  1  

5 vs 5 Defense 
   Defense                  Defense                                           Time % Phy DF OF 
 1 Alex Goligoski           Jan Hejda                                         40     1   2  2  
 2 Jared Spurgeon           Matt Niskanen                                     34     1   2  2  
 3 Ben Lovejoy              Mike Weaver                                       26     1   3  1  
 4 Jan Hejda                Matt Niskanen                                     0      1   2  2  

PowerPlay Forward 
   Center                   Left Wing                Right Wing               Time % Phy DF OF 
 1 Eric Staal               Mike Cammalleri          Jaromir Jagr             60     1   1  3  
 2 Mathieu Perreault        Jussi Jokinen            Patric Hornqvist         40     1   1  3  

PowerPlay Defense
   Defense                  Defense                                           Time % Phy DF OF 
 1 Alex Goligoski           Matt Niskanen                                     60     1   2  2  
 2 Mike Weaver              Jared Spurgeon                                    40     1   2  2  

Penalty Kill 4 Players Forward 
   Center                   Wing                     Time % Phy DF OF 
 1 Derek Grant              Brandon Prust            60     1   3  1  
 2 Mike Santorelli          Blake Comeau             40     1   3  1  

Penalty Kill 4 Players Defense
   Defense                  Defense                  Time % Phy DF OF 
 1 Mike Weaver              Jan Hejda                60     1   3  1  
 2 Alex Goligoski           Jared Spurgeon           40     1   3  1  

Penalty Kill - 3 Players Forward 
   Forward                                           Time % Phy DF OF 
 1 Derek Grant                                       60     1   3  1  
 2 Mike Santorelli                                   40     1   3  1  

Penalty Kill - 3 Players Defense
   Defense                  Defense                  Time % Phy DF OF 
 1 Mike Weaver              Jan Hejda                60     1   3  1  
 2 Ben Lovejoy              Jared Spurgeon           40     1   3  1  

4 vs 4 Forward 
   Center                   Wing                     Time % Phy DF OF 
 1 Eric Staal               Mike Cammalleri          60     1   2  2  
 2 Mathieu Perreault        Jaromir Jagr             40     1   2  2  

4 vs 4 Defense
   Defense                  Defense                  Time % Phy DF OF 
 1 Alex Goligoski           Matt Niskanen            60     1   2  2  
 2 Jan Hejda                Jared Spurgeon           40     1   2  2  

Last Minutes Offensive
   Center                   Left Wing                Right Wing               Defense                  Defense                  
   Eric Staal               Mike Cammalleri          Jaromir Jagr             Jared Spurgeon           Matt Niskanen            

Last Minutes Defensive
   Center                   Left Wing                Right Wing               Defense                  Defense                  
   Derek Grant              Mike Santorelli          Brandon Prust            Mike Weaver              Jan Hejda                

Goaltenders
Starting : Marc-Andre Fleury        
Backup : Pekka Rinne              

Extra Forwards
Normal : Eric Staal, Craig Smith, Patric Hornqvist - PP : Patric Hornqvist, Eric Staal - PK : Patric Hornqvist
Extra Defensemen
Normal : Jan Hejda, Mike Weaver, Matt Niskanen - PP : Alex Goligoski - PK : Mike Weaver, Matt Niskanen
Penalty Shots
Jussi Jokinen, Mike Cammalleri, Craig Smith, Jaromir Jagr, Mike Santorelli

% Time on Ice - Lightning

Lines # - Real PCT - Wanted PCT - Time Play
Normal Forward
1 - 29% - 30% - 13:07
2 - 28% - 30% - 12:34
3 - 25% - 25% - 11:02
4 - 18% - 15% - 7:51
Normal Defense
1 - 39% - 34% - 17:19
2 - 27% - 33% - 12:13
3 - 31% - 33% - 13:39
4 - 3% - 0% - 1:23
PP Forward
1 - 54% - 50% - 1:04
2 - 46% - 50% - 0:55
PP Defense
1 - 65% - 60% - 1:17
2 - 35% - 40% - 0:42
PK Forward
1 - 50% - 50% - 6:43
2 - 50% - 50% - 6:44
PK Defense
1 - 56% - 50% - 7:34
2 - 44% - 50% - 5:53
PK3 Forward
1 - 0% - 50%
2 - 0% - 50%
PK3 Defense
1 - 0% - 50%
2 - 0% - 50%
44 Forward
1 - 0% - 50%
2 - 0% - 50%
44 Defense
1 - 0% - 60%
2 - 0% - 40%
Last Minute Offensive  - 0:00
Last Minute Defensive  - 0:00
Total
Forward - 60:00
Defense - 60:00

% Time on Ice - Canadiens

Lines # - Real PCT - Wanted PCT - Time Play
Normal Forward
1 - 30% - 32% - 13:22
2 - 27% - 29% - 11:51
3 - 26% - 28% - 11:43
4 - 17% - 11% - 7:38
Normal Defense
1 - 41% - 40% - 18:21
2 - 34% - 34% - 15:19
3 - 24% - 26% - 10:54
4 - 0% - 0% - 0:00
PP Forward
1 - 55% - 60% - 7:21
2 - 45% - 40% - 6:06
PP Defense
1 - 62% - 60% - 8:22
2 - 38% - 40% - 5:05
PK Forward
1 - 100% - 60% - 1:59
2 - 0% - 40% - 0:00
PK Defense
1 - 57% - 60% - 1:08
2 - 43% - 40% - 0:51
PK3 Forward
1 - 0% - 60%
2 - 0% - 40%
PK3 Defense
1 - 0% - 60%
2 - 0% - 40%
44 Forward
1 - 0% - 60%
2 - 0% - 40%
44 Defense
1 - 0% - 60%
2 - 0% - 40%
Last Minute Offensive  - 0:00
Last Minute Defensive  - 0:00
Total
Forward - 60:00
Defense - 60:00

Play by Play

1st period


0:01 of 1st period - Brandon Dubinsky wins face-off versus Eric Staal in neutral zone.
0:04 of 1st period - Alex Goligoski is hit by Brandon Dubinsky and loses puck.
0:29 of 1st period - Snap shot by Patrick Marleau.
0:29 of 1st period - Shot Blocked by Jan Hejda.
1:29 of 1st period - Off-side.
1:30 of 1st period - Mike Santorelli wins face-off versus Dave Bolland in neutral zone.
1:33 of 1st period - Snap shot by Matt Niskanen.
1:33 of 1st period - Stopped by Carey Price with a rebound.
2:01 of 1st period - Slapshot by Michael Stone.
2:01 of 1st period - Shot Misses the Net.
2:17 of 1st period - Slapshot by Roman Polak.
2:17 of 1st period - Shot Misses the Net.
2:30 of 1st period - Snap shot by Brandon Prust.
2:30 of 1st period - Stopped by Carey Price with a rebound.
2:32 of 1st period - Wrist shot by Brandon Prust.
2:32 of 1st period - Stopped by Carey Price with a rebound.
2:34 of 1st period - Snap shot by Ben Lovejoy.
2:34 of 1st period - Deflect By Erik Condra.
2:34 of 1st period - Stopped by Carey Price without a rebound.
2:35 of 1st period - Brandon Dubinsky wins face-off versus Eric Staal in Lightning zone.
3:00 of 1st period - Snap shot by Eric Staal.
3:00 of 1st period - Stopped by Carey Price with a rebound.
3:26 of 1st period - Marc Methot is hit by Ben Lovejoy.
3:44 of 1st period - Alex Chiasson is hit by Mike Weaver and loses puck.
4:11 of 1st period - Wrist shot by Marcus Johansson.
4:11 of 1st period - Goal by Marcus Johansson - Lightning : 0 - Canadiens : 1.
4:12 of 1st period - Derek MacKenzie wins face-off versus Mike Santorelli in neutral zone.
5:52 of 1st period - Jared Spurgeon is hit by Ondrej Palat and loses puck.
6:17 of 1st period - Icing by Mike Cammalleri.
6:18 of 1st period - Ryan Nugent-Hopkins wins face-off versus Eric Staal in Canadiens zone.
6:21 of 1st period - Wrist shot by Alex Chiasson.
6:21 of 1st period - Shot Misses the Net.
6:35 of 1st period - Minor Penalty to Alex Chiasson for Hooking.
6:36 of 1st period - Derek MacKenzie wins face-off versus Mathieu Perreault in Lightning zone.
7:28 of 1st period - Brandon Dubinsky is hit by Mike Cammalleri and loses puck.
7:33 of 1st period - Snap shot by Jaromir Jagr.
7:33 of 1st period - Stopped by Carey Price without a rebound.
7:34 of 1st period - Eric Staal wins face-off versus Brandon Dubinsky in Lightning zone.
8:35 of 1st period - Penalty to Alex Chiasson is over, Alex Chiasson is back on ice.
9:04 of 1st period - Minor Penalty to Ryan Suter for Hooking.
9:05 of 1st period - Brandon Dubinsky wins face-off versus Mathieu Perreault in Lightning zone.
10:35 of 1st period - Roman Polak is hit by Mathieu Perreault and loses puck.
10:58 of 1st period - Snap shot by Eric Staal.
10:58 of 1st period - Deflect By Mike Cammalleri.
10:58 of 1st period - Stopped by Carey Price with a rebound.
11:04 of 1st period - Penalty to Ryan Suter is over, Ryan Suter is back on ice.
12:23 of 1st period - Ryan Nugent-Hopkins is hit by Blake Comeau and loses puck.
12:37 of 1st period - Slapshot by Tyson Barrie.
12:37 of 1st period - Deflect By Alex Goligoski.
12:37 of 1st period - Stopped by Marc-Andre Fleury with a rebound.
12:39 of 1st period - Snap shot by Ryan Nugent-Hopkins.
12:39 of 1st period - Shot Misses the Net.
12:41 of 1st period - Slapshot by Ryan Nugent-Hopkins.
12:41 of 1st period - Deflect By Alex Chiasson.
12:41 of 1st period - Stopped by Marc-Andre Fleury with a rebound.
12:43 of 1st period - Wrist shot by Ryan Nugent-Hopkins.
12:43 of 1st period - Stopped by Marc-Andre Fleury without a rebound.
12:44 of 1st period - Dave Bolland wins face-off versus Mike Santorelli in Canadiens zone.
12:45 of 1st period - Slapshot by Tyson Barrie.
12:45 of 1st period - Stopped by Marc-Andre Fleury with a rebound.
12:51 of 1st period - Slapshot by Craig Smith.
12:51 of 1st period - Shot Misses the Net.
12:59 of 1st period - Wrist shot by Marcus Johansson.
12:59 of 1st period - Stopped by Carey Price with a rebound.
13:01 of 1st period - Wrist shot by Matt Niskanen.
13:01 of 1st period - Stopped by Carey Price without a rebound.
13:02 of 1st period - Mike Santorelli wins face-off versus Dave Bolland in Lightning zone.
13:05 of 1st period - Snap shot by Craig Smith.
13:05 of 1st period - Shot Misses the Net.
13:07 of 1st period - Snap shot by Jared Spurgeon.
13:07 of 1st period - Shot Misses the Net.
13:09 of 1st period - Slapshot by Mike Santorelli.
13:09 of 1st period - Stopped by Carey Price with a rebound.
14:00 of 1st period - Wrist shot by Mike Cammalleri.
14:00 of 1st period - Shot Misses the Net.
14:48 of 1st period - Slapshot by Patric Hornqvist.
14:48 of 1st period - Stopped by Carey Price without a rebound.
14:49 of 1st period - Mike Santorelli wins face-off versus Derek MacKenzie in Lightning zone.
15:38 of 1st period - Jared Spurgeon is hit by Nikolai Kulemin and loses puck.
15:49 of 1st period - Slapshot by Nikolai Kulemin.
15:49 of 1st period - Stopped by Marc-Andre Fleury without a rebound.
15:50 of 1st period - Dave Bolland wins face-off versus Patric Hornqvist in Canadiens zone.
16:04 of 1st period - Minor Penalty to Dave Bolland for High sticking.
16:05 of 1st period - Eric Staal wins face-off versus Brandon Dubinsky in Lightning zone.
16:07 of 1st period - Snap shot by Mike Cammalleri.
16:07 of 1st period - Shot Misses the Net.
16:09 of 1st period - Snap shot by Jared Spurgeon.
16:09 of 1st period - Stopped by Carey Price with a rebound.
16:33 of 1st period - Jared Spurgeon is hit by Marc Methot.
16:59 of 1st period - Wrist shot by Mathieu Perreault.
16:59 of 1st period - Goal by Mathieu Perreault - Lightning : 0 - Canadiens : 2.
17:00 of 1st period - Mathieu Perreault wins face-off versus Erik Condra in neutral zone.
17:19 of 1st period - Slapshot by Michael Stone.
17:19 of 1st period - Stopped by Marc-Andre Fleury with a rebound.
17:37 of 1st period - Snap shot by Erik Condra.
17:37 of 1st period - Stopped by Marc-Andre Fleury without a rebound.
17:38 of 1st period - Brandon Dubinsky wins face-off versus Eric Staal in Canadiens zone.
17:39 of 1st period - Wrist shot by Patrick Marleau.
17:39 of 1st period - Stopped by Marc-Andre Fleury without a rebound.
17:40 of 1st period - Eric Staal wins face-off versus Ondrej Palat in Canadiens zone.
17:40 of 1st period - Eric Staal is hit by Ondrej Palat.
17:56 of 1st period - Mike Cammalleri is hit by Ryan Suter and loses puck.
18:13 of 1st period - Ryan Suter is hit by Eric Staal and loses puck.
18:37 of 1st period - Minor Penalty to Dave Bolland for High sticking.
18:38 of 1st period - Mathieu Perreault wins face-off versus Derek MacKenzie in Lightning zone.
19:58 of 1st period - Brandon Dubinsky is hit by Patric Hornqvist and loses puck.
Goals for this period are 0 for Lightning vs 2 for Canadiens.
Shots for this period are 8 for Lightning vs 14 for Canadiens.

2nd period


0:01 of 2nd period - Mike Cammalleri wins face-off versus Derek MacKenzie in neutral zone.
0:04 of 2nd period - Marc Methot is hit by Eric Staal and loses puck.
0:15 of 2nd period - Slapshot by Eric Staal.
0:15 of 2nd period - Shot Blocked by Marc Methot.
0:37 of 2nd period - Penalty to Dave Bolland is over, Dave Bolland is back on ice.
0:49 of 2nd period - Slapshot by Dmitry Kulikov.
0:49 of 2nd period - Stopped by Marc-Andre Fleury with a rebound.
0:59 of 2nd period - Ondrej Palat is hit by Patric Hornqvist and loses puck.
1:12 of 2nd period - Ryan Suter is hit by Patric Hornqvist and loses puck.
1:23 of 2nd period - Patric Hornqvist is hit by Brandon Dubinsky and loses puck.
1:47 of 2nd period - Off-side.
1:48 of 2nd period - Mike Santorelli wins face-off versus Ryan Nugent-Hopkins in neutral zone.
2:12 of 2nd period - Slapshot by Roman Polak.
2:12 of 2nd period - Stopped by Marc-Andre Fleury without a rebound.
2:13 of 2nd period - Dave Bolland wins face-off versus Eric Staal in Canadiens zone.
2:14 of 2nd period - Slapshot by Matt Calvert.
2:14 of 2nd period - Shot Misses the Net.
2:28 of 2nd period - Snap shot by Mike Cammalleri.
2:28 of 2nd period - Stopped by Carey Price with a rebound.
2:42 of 2nd period - Wrist shot by Eric Staal.
2:42 of 2nd period - Shot Blocked by Marc Methot.
2:44 of 2nd period - Slapshot by Ben Lovejoy.
2:44 of 2nd period - Shot Blocked by Dmitry Kulikov.
2:56 of 2nd period - Minor Penalty to Dmitry Kulikov for Hooking.
2:57 of 2nd period - Mathieu Perreault wins face-off versus Brandon Dubinsky in Lightning zone.
3:34 of 2nd period - Wrist shot by Brandon Dubinsky.
3:34 of 2nd period - Shot Misses the Net.
3:53 of 2nd period - Derek MacKenzie is hit by Eric Staal and loses puck.
4:08 of 2nd period - Snap shot by Jussi Jokinen.
4:08 of 2nd period - Shot Blocked by Nikolai Kulemin.
4:10 of 2nd period - Snap shot by Patric Hornqvist.
4:10 of 2nd period - Shot Misses the Net.
4:14 of 2nd period - Wrist shot by Patric Hornqvist.
4:14 of 2nd period - Stopped by Carey Price with a rebound.
4:16 of 2nd period - Slapshot by Alex Goligoski.
4:16 of 2nd period - Stopped by Carey Price without a rebound.
4:17 of 2nd period - Mathieu Perreault wins face-off versus Derek MacKenzie in Lightning zone.
4:56 of 2nd period - Penalty to Dmitry Kulikov is over, Dmitry Kulikov is back on ice.
4:56 of 2nd period - Nikolai Kulemin is hit by Mathieu Perreault.
5:59 of 2nd period - Jan Hejda is hit by Erik Condra and loses puck.
6:06 of 2nd period - Slapshot by Matt Niskanen.
6:06 of 2nd period - Stopped by Carey Price with a rebound.
6:08 of 2nd period - Wrist shot by Jared Spurgeon.
6:08 of 2nd period - Shot Blocked by Dmitry Kulikov.
6:10 of 2nd period - Slapshot by Jared Spurgeon.
6:10 of 2nd period - Shot Misses the Net.
6:12 of 2nd period - Snap shot by Jared Spurgeon.
6:12 of 2nd period - Shot Misses the Net.
6:32 of 2nd period - Minor Penalty to Dmitry Kulikov for Tripping.
6:33 of 2nd period - Brandon Dubinsky wins face-off versus Eric Staal in Lightning zone.
6:44 of 2nd period - Wrist shot by Mike Cammalleri.
6:44 of 2nd period - Shot Misses the Net.
6:54 of 2nd period - Snap shot by Patrick Marleau.
6:54 of 2nd period - Shot Misses the Net.
7:27 of 2nd period - Brandon Dubinsky is hit by Jussi Jokinen and loses puck.
7:42 of 2nd period - Snap shot by Patric Hornqvist.
7:42 of 2nd period - Stopped by Carey Price without a rebound.
7:43 of 2nd period - Eric Staal wins face-off versus Nikolai Kulemin in Lightning zone.
8:12 of 2nd period - Alex Goligoski is hit by Marc Methot and loses puck.
8:19 of 2nd period - Slapshot by Jussi Jokinen.
8:19 of 2nd period - Stopped by Carey Price with a rebound.
8:21 of 2nd period - Slapshot by Matt Niskanen.
8:21 of 2nd period - Shot Misses the Net.
8:23 of 2nd period - Slapshot by Matt Niskanen.
8:23 of 2nd period - Shot Blocked by Michael Stone.
8:25 of 2nd period - Slapshot by Alex Goligoski.
8:25 of 2nd period - Shot Blocked by Derek MacKenzie.
8:32 of 2nd period - Penalty to Dmitry Kulikov is over, Dmitry Kulikov is back on ice.
8:45 of 2nd period - Slapshot by Mike Cammalleri.
8:45 of 2nd period - Stopped by Carey Price with a rebound.
8:51 of 2nd period - Jan Hejda is hit by Marc Methot and loses puck.
8:58 of 2nd period - Wrist shot by Ryan Nugent-Hopkins.
8:58 of 2nd period - Stopped by Marc-Andre Fleury without a rebound.
8:59 of 2nd period - Brandon Dubinsky wins face-off versus Mike Santorelli in Canadiens zone.
9:00 of 2nd period - Wrist shot by Patrick Marleau.
9:00 of 2nd period - Shot Blocked by Marcus Johansson.
9:31 of 2nd period - Mike Santorelli is hit by Brandon Dubinsky and loses puck.
9:38 of 2nd period - Brandon Dubinsky is hit by Jan Hejda and loses puck.
10:29 of 2nd period - Ben Lovejoy is hit by Alex Chiasson and loses puck.
10:36 of 2nd period - Michael Stone is hit by Patric Hornqvist and loses puck.
10:41 of 2nd period - Wrist shot by Patric Hornqvist.
10:41 of 2nd period - Shot Misses the Net.
10:43 of 2nd period - Slapshot by Mike Weaver.
10:43 of 2nd period - Stopped by Carey Price with a rebound.
11:22 of 2nd period - Slapshot by Jan Hejda.
11:22 of 2nd period - Stopped by Carey Price without a rebound.
11:23 of 2nd period - Eric Staal wins face-off versus Nikolai Kulemin in Lightning zone.
11:50 of 2nd period - Slapshot by Marc Methot.
11:50 of 2nd period - Shot Blocked by Jan Hejda.
12:02 of 2nd period - Nikolai Kulemin is hit by Jan Hejda and loses puck.
12:29 of 2nd period - Jared Spurgeon is hit by Derek MacKenzie.
12:33 of 2nd period - Snap shot by Ryan Suter.
12:33 of 2nd period - Deflect By Shawn Matthias.
12:33 of 2nd period - Stopped by Marc-Andre Fleury without a rebound.
12:34 of 2nd period - Derek MacKenzie wins face-off versus Derek Grant in Canadiens zone.
13:00 of 2nd period - Icing by Ben Lovejoy.
13:01 of 2nd period - Derek Grant wins face-off versus Brandon Dubinsky in Canadiens zone.
13:21 of 2nd period - Slapshot by Brandon Dubinsky.
13:21 of 2nd period - Goal by Brandon Dubinsky - Lightning : 1 - Canadiens : 2.
13:22 of 2nd period - Ondrej Palat wins face-off versus Eric Staal in neutral zone.
13:27 of 2nd period - Mike Cammalleri is hit by Dmitry Kulikov and loses puck.
13:34 of 2nd period - Backhand shot by Eric Staal.
13:34 of 2nd period - Shot Misses the Net.
13:36 of 2nd period - Snap shot by Matt Niskanen.
13:36 of 2nd period - Stopped by Carey Price without a rebound.
13:37 of 2nd period - Brandon Dubinsky wins face-off versus Eric Staal in Lightning zone.
15:19 of 2nd period - Alex Chiasson is hit by Alex Goligoski and loses puck.
15:36 of 2nd period - Wrist shot by Ryan Nugent-Hopkins.
15:36 of 2nd period - Stopped by Marc-Andre Fleury with a rebound.
16:53 of 2nd period - Off-side.
16:54 of 2nd period - Mathieu Perreault wins face-off versus Dave Bolland in neutral zone.
16:58 of 2nd period - Off-side.
16:59 of 2nd period - Mathieu Perreault wins face-off versus Dave Bolland in neutral zone.
17:01 of 2nd period - Off-side.
17:02 of 2nd period - Dave Bolland wins face-off versus Mathieu Perreault in neutral zone.
17:23 of 2nd period - Wrist shot by Patric Hornqvist.
17:23 of 2nd period - Stopped by Carey Price without a rebound.
17:24 of 2nd period - Brandon Dubinsky wins face-off versus Eric Staal in Lightning zone.
18:22 of 2nd period - Wrist shot by Matt Calvert.
18:22 of 2nd period - Shot Blocked by Jared Spurgeon.
18:24 of 2nd period - Wrist shot by Matt Calvert.
18:24 of 2nd period - Stopped by Marc-Andre Fleury with a rebound.
18:53 of 2nd period - Roman Polak is hit by Jaromir Jagr.
19:06 of 2nd period - Matt Niskanen is hit by Michael Stone and loses puck.
19:49 of 2nd period - Snap shot by Shawn Matthias.
19:49 of 2nd period - Stopped by Marc-Andre Fleury with a rebound.
19:51 of 2nd period - Slapshot by Ryan Suter.
19:51 of 2nd period - Shot Misses the Net.
19:53 of 2nd period - Slapshot by Ryan Suter.
19:53 of 2nd period - Stopped by Marc-Andre Fleury with a rebound.
19:55 of 2nd period - Snap shot by Shawn Matthias.
19:55 of 2nd period - Shot Blocked by Jan Hejda.
Goals for this period are 1 for Lightning vs 0 for Canadiens.
Shots for this period are 9 for Lightning vs 11 for Canadiens.

3rd period


0:01 of 3rd period - Mathieu Perreault wins face-off versus Ondrej Palat in neutral zone.
0:29 of 3rd period - Slapshot by Roman Polak.
0:29 of 3rd period - Stopped by Marc-Andre Fleury without a rebound.
0:30 of 3rd period - Dave Bolland wins face-off versus Eric Staal in Canadiens zone.
0:34 of 3rd period - Minor Penalty to Dave Bolland for Tripping.
0:35 of 3rd period - Brandon Dubinsky wins face-off versus Jaromir Jagr in Lightning zone.
0:51 of 3rd period - Snap shot by Eric Staal.
0:51 of 3rd period - Shot Blocked by Roman Polak.
0:53 of 3rd period - Slapshot by Alex Goligoski.
0:53 of 3rd period - Deflect By Ryan Suter.
0:53 of 3rd period - Goal by Alex Goligoski - Lightning : 1 - Canadiens : 3.
0:54 of 3rd period - Mathieu Perreault wins face-off versus Brandon Dubinsky in neutral zone.
1:43 of 3rd period - Slapshot by Nikolai Kulemin.
1:43 of 3rd period - Stopped by Marc-Andre Fleury without a rebound.
1:44 of 3rd period - Dave Bolland wins face-off versus Eric Staal in Canadiens zone.
1:53 of 3rd period - Snap shot by Matt Calvert.
1:53 of 3rd period - Stopped by Marc-Andre Fleury with a rebound.
2:01 of 3rd period - Slapshot by Nikolai Kulemin.
2:01 of 3rd period - Stopped by Marc-Andre Fleury with a rebound.
2:03 of 3rd period - Wrist shot by Michael Stone.
2:03 of 3rd period - Stopped by Marc-Andre Fleury without a rebound.
2:04 of 3rd period - Ryan Nugent-Hopkins wins face-off versus Eric Staal in Canadiens zone.
2:44 of 3rd period - Minor Penalty to Eric Staal for Holding.
2:45 of 3rd period - Brandon Prust wins face-off versus Brandon Dubinsky in Canadiens zone.
2:55 of 3rd period - Snap shot by Ondrej Palat.
2:55 of 3rd period - Shot Misses the Net.
4:44 of 3rd period - Penalty to Eric Staal is over, Eric Staal is back on ice.
5:13 of 3rd period - Off-side.
5:14 of 3rd period - Dave Bolland wins face-off versus Mike Santorelli in neutral zone.
5:41 of 3rd period - Snap shot by Matt Calvert.
5:41 of 3rd period - Shot Misses the Net.
6:07 of 3rd period - Wrist shot by Mike Cammalleri.
6:07 of 3rd period - Goal by Mike Cammalleri - Lightning : 1 - Canadiens : 4.
6:08 of 3rd period - Patrick Marleau wins face-off versus Mathieu Perreault in neutral zone.
6:19 of 3rd period - Jan Hejda is hit by Tyson Barrie and loses puck.
6:30 of 3rd period - Wrist shot by Brandon Dubinsky.
6:30 of 3rd period - Stopped by Marc-Andre Fleury with a rebound.
7:02 of 3rd period - Marcus Johansson is hit by Derek MacKenzie and loses puck.
7:15 of 3rd period - Wrist shot by Marcus Johansson.
7:15 of 3rd period - Shot Blocked by Ryan Suter.
7:17 of 3rd period - Snap shot by Matt Niskanen.
7:17 of 3rd period - Shot Misses the Net.
7:25 of 3rd period - Snap shot by Craig Smith.
7:25 of 3rd period - Shot Blocked by Erik Condra.
8:00 of 3rd period - Minor Penalty to Dave Bolland for Cross-checking.
8:01 of 3rd period - Brandon Dubinsky wins face-off versus Mike Cammalleri in Lightning zone.
8:33 of 3rd period - Snap shot by Mike Cammalleri.
8:33 of 3rd period - Shot Misses the Net.
8:43 of 3rd period - Patrick Marleau is hit by Patric Hornqvist and loses puck.
8:50 of 3rd period - Backhand shot by Mathieu Perreault.
8:50 of 3rd period - Shot Misses the Net.
8:52 of 3rd period - Slapshot by Mike Weaver.
8:52 of 3rd period - Stopped by Carey Price with a rebound.
8:54 of 3rd period - Slapshot by Jared Spurgeon.
8:54 of 3rd period - Deflect By Jussi Jokinen.
8:54 of 3rd period - Stopped by Carey Price without a rebound.
8:55 of 3rd period - Mathieu Perreault wins face-off versus Brandon Dubinsky in Lightning zone.
8:59 of 3rd period - Slapshot by Mike Weaver.
8:59 of 3rd period - Deflect By Jussi Jokinen.
8:59 of 3rd period - Shot Misses the Net.
8:59 of 3rd period - Puck is out of play.
9:00 of 3rd period - Mathieu Perreault wins face-off versus Derek MacKenzie in Lightning zone.
9:13 of 3rd period - Ryan Suter is hit by Jared Spurgeon and loses puck.
9:30 of 3rd period - Snap shot by Patric Hornqvist.
9:30 of 3rd period - Stopped by Carey Price without a rebound.
9:31 of 3rd period - Brandon Dubinsky wins face-off versus Eric Staal in Lightning zone.
10:00 of 3rd period - Penalty to Dave Bolland is over, Dave Bolland is back on ice.
10:26 of 3rd period - Marc Methot is hit by Craig Smith and loses puck.
10:59 of 3rd period - Dmitry Kulikov is hit by Mathieu Perreault and loses puck.
11:28 of 3rd period - Roman Polak is hit by Mike Weaver and loses puck.
12:01 of 3rd period - Slapshot by Alex Goligoski.
12:01 of 3rd period - Stopped by Carey Price with a rebound.
14:06 of 3rd period - Snap shot by Patric Hornqvist.
14:06 of 3rd period - Shot Misses the Net.
14:08 of 3rd period - Snap shot by Mathieu Perreault.
14:08 of 3rd period - Stopped by Carey Price without a rebound.
14:09 of 3rd period - Dave Bolland wins face-off versus Derek Grant in Lightning zone.
14:16 of 3rd period - Snap shot by Michael Stone.
14:16 of 3rd period - Shot Misses the Net.
14:45 of 3rd period - Minor Penalty to Roman Polak for Tripping.
14:46 of 3rd period - Eric Staal wins face-off versus Brandon Dubinsky in Lightning zone.
14:50 of 3rd period - Snap shot by Mike Cammalleri.
14:50 of 3rd period - Stopped by Carey Price without a rebound.
14:51 of 3rd period - Jaromir Jagr wins face-off versus Brandon Dubinsky in Lightning zone.
15:04 of 3rd period - Wrist shot by Jaromir Jagr.
15:04 of 3rd period - Goal by Jaromir Jagr - Lightning : 1 - Canadiens : 5.
15:05 of 3rd period - Mathieu Perreault wins face-off versus Ryan Nugent-Hopkins in neutral zone.
15:26 of 3rd period - Snap shot by Patric Hornqvist.
15:26 of 3rd period - Stopped by Carey Price with a rebound.
16:12 of 3rd period - Off-side.
16:13 of 3rd period - Derek MacKenzie wins face-off versus Mike Santorelli in neutral zone.
16:18 of 3rd period - Mike Santorelli is hit by Roman Polak and loses puck.
17:01 of 3rd period - Jared Spurgeon is hit by Michael Stone and loses puck.
17:42 of 3rd period - Nikolai Kulemin is hit by Mike Cammalleri and loses puck.
18:48 of 3rd period - Slapshot by Patric Hornqvist.
18:48 of 3rd period - Shot Misses the Net.
18:50 of 3rd period - Slapshot by Mike Weaver.
18:50 of 3rd period - Shot Blocked by Tyson Barrie.
19:10 of 3rd period - Snap shot by Craig Smith.
19:10 of 3rd period - Shot Blocked by Ryan Suter.
19:19 of 3rd period - Slapshot by Ben Lovejoy.
19:19 of 3rd period - Shot Blocked by Matt Calvert.
19:21 of 3rd period - Wrist shot by Mike Santorelli.
19:21 of 3rd period - Stopped by Carey Price without a rebound.
19:22 of 3rd period - Derek Grant wins face-off versus Brandon Dubinsky in Lightning zone.
19:57 of 3rd period - Ondrej Palat is hit by Jan Hejda.
Goals for this period are 0 for Lightning vs 3 for Canadiens.
Shots for this period are 6 for Lightning vs 11 for Canadiens.


Output by the SimonT Hockey Simulator (STHS) for Eric Dolegowski -- Original Page W3C XHTML 1.0 Valid
Hockey Simulator - Hockey Simulation - Hockey Manager